 Dungeon Crawl Stone Soup version 0.24.0-13-gcf9b319 (webtiles) character file.

Game seed: 10440474798456240067, levelgen mode: deterministic

22530 shmeve the Blocker (level 12, -3/112 HPs)
             Began as a Minotaur Berserker on Apr 12, 2020.
             Was a High Priest of Trog.
             Slain by an orc warrior
             ... wielding a +0 hand axe
              (13 damage)
             ... on level 1 of the Orcish Mines.
             The game lasted 00:27:13 (13662 turns).

shmeve the Blocker (Minotaur Berserker)            Turns: 13662, Time: 00:27:13

Health: -3/112     AC: 23    Str: 24    XL:     12   Next: 63%
Magic:  11/11      EV: 13    Int:  5    God:    Trog [*****.]
Gold:   325        SH: 15    Dex: 17    Spells: 11/11 levels left

rFire    + . .     SeeInvis .   a - +0 hand axe
rCold    + + .     Gourm    .   l - +2 shield of Resistance {rF+ rC+ MR+}
rNeg     . . .     Faith    .   q - +4 chain mail {rC+}
rPois    .         Spirit   .   G - +1 hat
rElec    .         Reflect  .   E - +2 cloak
rCorr    .         Harm     .   b - +0 pair of gloves
MR       ++++.                  n - +1 pair of boots
Stlth    ..........             (no amulet)
HPRegen  1.28/turn              F - ring of protection from magic
MPRegen  0.12/turn              x - ring "Alukh" {+Fly Dex+5}

@: berserk cooldown, regenerating, slowed, very slow
A: retaliatory headbutt, horns 2, screaming 1
a: Berserk, Trog's Hand, Brothers in Arms, Renounce Religion, Evoke Flight


You were on level 1 of the Orcish Mines.
You worshipped Trog.
Trog was extremely pleased with you.
You were not hungry.

You visited 2 branches of the dungeon, and saw 14 of its levels.

You collected 754 gold pieces.
You spent 429 gold pieces at shops.

Inventory:

Hand Weapons
 a - a +0 hand axe (weapon)
Missiles
 z - 5 silver javelins
 H - 4 javelins (quivered)
Armour
 b - a +0 pair of gloves (worn)
 l - the +2 shield of Resistance (worn) {rF+ rC+ MR+}
   (You found it on level 8 of the Dungeon)

   It protects you from fire.
   It protects you from cold.
   It affects your resistance to hostile enchantments.
 n - a +1 pair of boots (worn)
 q - a +4 chain mail of cold resistance (worn)
 E - a +2 cloak (worn)
 G - a +1 hat (worn)
Jewellery
 j - an uncursed ring of protection from fire
 x - the ring "Alukh" (right hand) {+Fly Dex+5}
   (You found it on level 11 of the Dungeon)

   [ring of flight]

   It affects your dexterity (+5).
   It lets you fly.
 F - a ring of protection from magic (left hand)
Wands
 B - a wand of disintegration (15)
Scrolls
 f - 4 scrolls of teleportation {unknown}
 g - 4 scrolls of enchant weapon {unknown}
 h - 3 scrolls of identify
 k - 2 scrolls of immolation {unknown}
 m - a scroll of random uselessness {unknown}
 o - 8 scrolls of remove curse {unknown}
 t - 3 scrolls of fog {unknown}
 y - 4 scrolls of magic mapping {unknown}
 A - 4 scrolls of enchant armour {unknown}
 J - a scroll of amnesia {unknown}
 K - a scroll of fear {unknown}
Potions
 d - 3 potions of lignification
 e - 3 potions of agility
 i - 2 potions of magic {unknown}
 p - 2 potions of degeneration {unknown}
 r - 3 potions of curing {unknown}
 s - a potion of haste
 u - a potion of flight {unknown}
 v - a potion of brilliance {unknown}
 w - 3 potions of resistance {unknown}
 C - 3 potions of mutation {unknown}
 D - a potion of ambrosia {unknown}
 I - 2 potions of heal wounds
 M - a potion of might {unknown}
Comestibles
 c - 14 rations


   Skills:
 * Level 12.3 Fighting
 * Level 12.3 Axes
 + Level 6.9 Throwing
 + Level 8.7 Armour
 + Level 8.0 Dodging
 * Level 12.3 Shields


You had 11 spell levels left.
You didn't know any spells.
Your spell library was empty.

Dungeon Overview and Level Annotations

Branches:
Dungeon (12/15)            Temple (0/1) D:4            Lair (0/6) D:9
    Orc (2/2) D:12
    Elf: Orc:2

Altars:
Fedhas
Gozag
Kikubaaqudgha
Nemelex Xobeh
Okawaru
Sif Muna
Trog
Vehumet
Wu Jian
The Shining One

Shops:
D:5 *!   D:11 *


Innate Abilities, Weirdness & Mutations

You reflexively headbutt those who attack you in melee.
You have a pair of horns on your head.
You occasionally shout uncontrollably at your foes.


Message History

You kill the centaur!
Trog accepts your kill.
You hit the orc warrior but do no damage.
You hit the centaur but do no damage.
The centaur hits you but does no damage.
You block the centaur's attack.
The orc warrior hits you with a +0 hand axe.
* * * LOW HITPOINT WARNING * * *
The orc warrior completely misses you. You furiously retaliate!
You headbutt the orc warrior.
The centaur hits you but does no damage.
You block the orc knight's attack.
The centaur hits you but does no damage.
You completely miss the orc knight.
The orc knight is moderately wounded.
You hit the centaur. You slash the orc warrior! You hit the orc warrior.
You hit the centaur. You block the centaur's attack.
The centaur hits you but does no damage.
The orc warrior hits you with a +0 hand axe!
You die...

..........#........#.<...##...##
.....#....#....................#
...#.........#...#..........#.##
........................#...#.##
#.........#............#.#.....#
#...##.....#..................##
...##.....#............#.##.### #
....#........[[coc.........######
#..###.........o@...........#.#..
#### ###......[))o..##...........
##.#.......................
#.............#............
#...........##.............
##.#..#..#.####.#..#..#..##
########### ############


You could see an orc knight, 2 orc warriors and 2 centaurs.

Vanquished Creatures
  Gastronok (D:11)
  Snorg (D:12)
  2 hydras (D:11)
  A centaur warrior (Orc:2)
  2 two-headed ogres
  A wizard (D:12)
  2 ugly things
  3 orc sorcerers (Orc:2)
  A manticore (D:12)
  A salamander (shapeshifter) (D:8)
  3 cyclopes
  An orange demon (D:9)
  2 gargoyles
  A red devil (D:9)
  4 trolls
  2 hippogriffs
  2 shadows
  A vampire (D:10)
  A yak (shapeshifter) (D:12)
  A wyvern (D:11)
  A basilisk (D:8)
  2 hungry ghosts
  A soldier ant (D:8)
  A warg (Orc:1)
  Duvessa (D:6)
  12 orc warriors
  2 ice beasts
  4 necrophages (D:7)
  5 sky beasts
  4 phantoms
  7 ogres
  15 centaurs
  A crocodile (D:10)
  3 big kobolds
  8 bullfrogs
  A wyvern zombie (D:12)
  Dowan (D:6)
  3 scorpions
  A water moccasin skeleton (D:4)
  12 killer bees
  7 wights
  An electric eel (D:12)
  A howler monkey (D:5)
  5 crimson imps
  4 centaur zombies
  A bullfrog zombie (D:10)
  2 quasits
  A centaur skeleton (D:4)
  5 hounds
  6 iron imps (D:9)
  4 jellies (D:9)
  5 orc priests
  15 orc wizards
  5 worker ants
  A hound zombie (D:7)
  2 hound skeletons
  A howler monkey skeleton (D:8)
  8 adders
  3 gnolls (D:2)
  5 shadow imps
  5 oozes (D:9)
  2 adder skeletons (D:9)
  3 worms
  2 dart slugs
  7 leopard geckos
  60 orcs
  3 giant cockroaches
  8 goblins
  3 hobgoblins
  11 jackals
  7 quokkas
  6 ball pythons
  12 bats
  3 frilled lizards
  23 kobolds
  A quokka zombie (D:2)
  6 rats
  5 fungi (D:6)
367 creatures vanquished.

Vanquished Creatures (collateral kills)
  An ugly thing (D:11)
  3 centaurs (D:11)
4 creatures vanquished.

Vanquished Creatures (others)
  An orc warrior (Orc:2)
1 creature vanquished.

Grand Total: 372 creatures vanquished

Notes
Turn   | Place    | Note
-------+----------+-------------------------------------------
     0 | D:1      | shmeve the Minotaur Berserker began the quest for the Orb.
     0 | D:1      | Reached XP level 1. HP: 19/19 MP: 0/0
   404 | D:1      | Reached XP level 2. HP: 27/27 MP: 1/1
  1045 | D:1      | Reached ** piety under Trog
  1161 | D:1      | Reached XP level 3. HP: 33/33 MP: 2/2
  1606 | D:2      | Reached skill level 1 in Throwing
  1607 | D:2      | Reached XP level 4. HP: 26/41 MP: 3/3
  2192 | D:2      | Reached skill level 1 in Shields
  2668 | D:3      | Noticed a bullfrog
  2674 | D:3      | Killed a bullfrog
  2674 | D:3      | Reached XP level 5. HP: 42/47 MP: 4/4
  2786 | D:3      | Reached *** piety under Trog
  2989 | D:3      | Reached XP level 6. HP: 38/53 MP: 5/5
  3621 | D:4      | Reached skill level 5 in Shields
  3698 | D:4      | Found a staircase to the Ecumenical Temple.
  3730 | D:4      | Reached skill level 5 in Fighting
  3749 | D:4      | Reached skill level 5 in Axes
  3795 | D:4      | Found an ornate altar of the Wu Jian Council.
  4199 | D:5      | Entered Level 5 of the Dungeon
  4199 | D:5      | Found Poiler's Distillery.
  4267 | D:5      | Reached XP level 7. HP: 57/61 MP: 6/6
  4350 | D:5      | Found a bloodstained altar of Trog.
  4575 | D:5      | Found Woahochu's Elemental Accessories.
  5211 | D:6      | Reached **** piety under Trog
  5211 | D:6      | Reached XP level 8. HP: 63/70 MP: 7/7
  5440 | D:6      | Noticed Dowan
  5441 | D:6      | Noticed Duvessa
  5456 | D:6      | Killed Duvessa
  5460 | D:6      | Killed Dowan
  5578 | D:6      | Found a sparkling altar of Nemelex Xobeh.
  5580 | D:6      | Found a shimmering blue altar of Sif Muna.
  5580 | D:6      | Found a radiant altar of Vehumet.
  5580 | D:6      | Found an iron altar of Okawaru.
  5743 | D:6      | Found a blossoming altar of Fedhas.
  6019 | D:7      | Noticed a brown ugly thing
  6034 | D:7      | Killed a brown ugly thing
  6156 | D:7      | Received a gift from Trog
  6156 | D:7      | Reached XP level 9. HP: 79/79 MP: 8/8
  6330 | D:7      | Reached skill level 5 in Armour
  6620 | D:7      | Found a glowing golden altar of the Shining One.
  6985 | D:8      | Reached skill level 5 in Dodging
  7010 | D:8      | Noticed a troll
  7024 | D:8      | Killed a troll
  7027 | D:8      | HP: 9/181 [poisoned by a soldier ant]
  7032 | D:8      | HP: 5/121 [poisoned by a soldier ant]
  7033 | D:8      | HP: 2/121 [poisoned by a soldier ant]
  7320 | D:8      | Found the +2 shield of Resistance {rF+ rC+ MR+}
  7487 | D:8      | Noticed a salamander
  7500 | D:8      | Reached XP level 10. HP: 86/90 MP: 9/9
  7502 | D:8      | Killed a salamander
  8466 | D:9      | Received a gift from Trog
  8761 | D:9      | Noticed an orange demon
  8761 | D:9      | Noticed a rust devil
  8769 | D:9      | Killed an orange demon
  8791 | D:9      | Found an ancient bone altar of Kikubaaqudgha.
  8824 | D:9      | Reached ***** piety under Trog
  8824 | D:9      | Received a gift from Trog
  8873 | D:9      | Found a staircase to the Lair.
  8896 | D:9      | Found an opulent altar of Gozag.
  9263 | D:10     | Entered Level 10 of the Dungeon
  9263 | D:10     | Noticed a gargoyle
  9270 | D:10     | Killed a gargoyle
  9270 | D:10     | Reached skill level 5 in Throwing
  9460 | D:10     | Reached skill level 10 in Shields
  9769 | D:10     | Reached skill level 10 in Fighting
  9872 | D:10     | Reached skill level 10 in Axes
  9894 | D:10     | Noticed a two-headed ogre
  9912 | D:10     | Killed a two-headed ogre
  9912 | D:10     | Reached XP level 11. HP: 40/99 MP: 10/10
 10680 | D:11     | Noticed a cyan ugly thing
 10697 | D:11     | Killed a cyan ugly thing
 10846 | D:11     | Got a scorched tin ring
 10847 | D:11     | Identified the ring "Alukh" {+Fly Dex+5} (You found it on
                  | level 11 of the Dungeon)
 10889 | D:11     | Noticed Gastronok
 10909 | D:11     | Killed Gastronok
 11029 | D:11     | Found Antetad's Assorted Antiques.
 11033 | D:11     | Bought a potion of heal wounds for 195 gold pieces
 11033 | D:11     | Bought a scroll of identify for 78 gold pieces
 11033 | D:11     | Bought a scroll labeled GICUUMN GASTO for 39 gold pieces
 11033 | D:11     | Bought a scroll labeled HOPONAAMPE for 39 gold pieces
 11033 | D:11     | Bought a scroll labeled YRAPHI KE ROE for 39 gold pieces
 11033 | D:11     | Bought a scroll labeled DIOTZI EDWE for 39 gold pieces
 11064 | D:11     | Noticed an eight-headed hydra
 11065 | D:11     | Noticed a five-headed hydra
 11080 | D:11     | Killed a 14-headed hydra
 11088 | D:11     | Killed a 15-headed hydra
 11413 | D:11     | Noticed a two-headed ogre
 11430 | D:11     | Killed a two-headed ogre
 12015 | D:12     | Reached XP level 12. HP: 85/110 MP: 11/11
 12037 | D:12     | Found a staircase to the Orcish Mines.
 12183 | D:12     | Received a gift from Trog
 12205 | D:12     | Noticed Snorg
 12217 | D:12     | Killed Snorg
 13045 | Orc:1    | Entered Level 1 of the Orcish Mines
 13201 | Orc:2    | Entered Level 2 of the Orcish Mines
 13353 | Orc:2    | Noticed a centaur warrior
 13367 | Orc:2    | Gained mutation: You occasionally shout uncontrollably at
                  | your foes. [a neqoxec]
 13380 | Orc:2    | Killed a centaur warrior
 13662 | Orc:1    | Slain by an orc warrior

Levels and vault maps discovered:
D:1:      dpeg_arrival_signposts, layout_basic, item_on_display_a
D:2:      layout_loops_ring, kennysheep_generic_room_7
D:3:      layout_basic, first_ration
D:4:      layout_loops_ring, kennysheep_little_box,
          minmay_temple_entry_sparse_star, nicolae_zen_rock_garden
D:5:      layout_basic, lemuel_doored_altar, serial_shops, shop,
          nicolae_elemental_shop
D:6:      layout_basic, grunt_temple_overflow_open, fedhas_altar_3, uniq_duvessa
D:7:      layout_basic, old_standard_altar, serial_undead, serial_undead_d,
          serial_undead_e, serial_undead_f, serial_undead_f
D:8:      layout_loops_ring, minmay_the_grid_2x2 [minmay_the_grid_outer_circle,
          minmay_the_grid_eight, minmay_the_grid_minigrid_small_alt,
          minmay_the_grid_prize_trominoes]
D:9:      layout_cross, lemuel_crystal_altar, lair_entry_dummy,
          hangedman_little_slice_of_home, lemuel_hellish_altar
D:10:     layout_irregular_city, serial_glass, glass_columns_a, glass_columns_b
D:11:     layout_long_grid, serial_shops, shop, uniq_gastronok
D:12:     layout_irregular_city, erik_orc_2, kb_rosetta, uniq_snorg
Orc:1:    layout_caves, basic_altar
Orc:2:    st_orc_rangers, layout_caves

Skill      XL: |  1  2  3  4  5  6  7  8  9 10 11 12 |
---------------+-------------------------------------+-----
Fighting       | 4 5 6 7 8 10 11 12 | 12.3
Axes           | 4 5 6 7 8 10 11 12 | 12.3
Throwing       | 1 2 3 4 5 6 |  6.9
Armour         | 3 4 5 6 8 |  8.7
Shields        | 3 4 5 6 7 8 10 11 12 | 12.3
Dodging        | 3 4 5 6 7 8 |  8.0

Action                   |  1- 3 |  4- 6 |  7- 9 | 10-12 || total
-------------------------+-------+-------+-------+-------++-------
Melee: Hand axe          |    59 |   147 |   326 |   577 ||  1109
       Headbutt          |     7 |    22 |    65 |   179 ||   273
Throw: Boomerang         |     4 |    26 |    15 |   109 ||   154
       Javelin           |       |       |       |    42 ||    42
Invok: Berserk           |     1 |       |     9 |    12 ||    22
       Trog's Hand       |       |       |     4 |     4 ||     8
       Brothers in Arms  |       |       |       |     1 ||     1
  Use: Scroll            |       |       |     5 |     2 ||     7
       Potion            |       |       |     3 |     5 ||     8
  Eat: Chunk             |     1 |    11 |    12 |    26 ||    50
       Ration            |       |       |     2 |     5 ||     7
Armor: Animal skin       |     6 |       |       |       ||     6
       Chain mail        |    13 |    83 |    87 |   256 ||   439
       Plate armour      |       |       |    44 |       ||    44
       Skin              |       |       |    15 |       ||    15
Dodge: Dodged            |    45 |    55 |    74 |   244 ||   418
Block: Shield            |       |    26 |   184 |   475 ||   685
